 Dungeon Crawl Stone Soup version 0.28.0-43-g3370ac3207 (webtiles) character file.

Game seed: 475559685291444428

86 CryoSword the Grasshopper (level 4, -6/38 HPs)
             Began as a Gnoll Warper on Mar 21, 2022.
             Mangled by Terence
             ... wielding a +0 flail
              (8 damage)
             ... on level 2 of the Dungeon.
             The game lasted 00:02:56 (2686 turns).

CryoSword the Grasshopper (Gnoll Warper)            Turns: 2686, Time: 00:02:57

Health: -6/38      AC:  5    Str: 12    XL:     4   Next: 49%
Magic:  10/11      EV: 12    Int: 19    God:
Gold:   100        SH:  0    Dex: 11    Spells: 11/13 levels left

rFire   . . .      SeeInvis .   a - +0 spear
rCold   . . .      Faith    .   (no shield)
rNeg    . . .      Spirit   .   b - +0 leather armour
rPois   .          Reflect  .   (no helmet)
rElec   .          Harm     .   (no cloak)
rCorr   .          Rampage  .   h - +0 pair of gloves
Will    .....                   i - +0 pair of boots
Stlth   +.........              (no amulet)
HPRegen 0.12/turn               e - +6 ring of intelligence
MPRegen 0.12/turn               (no ring)

@: brilliant
A: fangs 1, strong nose, distributed training
a: no special abilities


You were on level 2 of the Dungeon.
You visited 1 branch of the dungeon, and saw 2 of its levels.

You collected 100 gold pieces.

Inventory:

Hand Weapons
 a - a +0 spear (weapon)
Missiles
 d - 5 boomerangs of dispersal (quivered) {!f}
Armour
 b - a +0 leather armour (worn)
 h - a +0 pair of gloves (worn)
   (You found it on level 2 of the Dungeon)
 i - a +0 pair of boots (worn)
   (You found it on level 1 of the Dungeon)
Jewellery
 e - a +6 ring of intelligence (left hand)
   (You found it on level 1 of the Dungeon)
Scrolls
 c - a scroll of blinking
 f - a scroll of vulnerability {unknown}
 g - 2 scrolls of enchant armour {unknown}
 j - a scroll of teleportation {unknown}


   Skills:
 + Level 4.6 Fighting
 + Level 1.1 Short Blades
 + Level 1.1 Long Blades
 + Level 1.1 Axes
 + Level 1.1 Maces & Flails
 + Level 4.6 Polearms
 + Level 1.1 Staves
 + Level 1.1 Slings
 + Level 1.1 Bows
 + Level 1.1 Crossbows
 + Level 2.7 Throwing
 + Level 2.7 Armour
 + Level 4.6 Dodging
 + Level 1.1 Stealth
 + Level 1.1 Shields
 + Level 1.1 Unarmed Combat
 + Level 5.1 Spellcasting
 + Level 0.9 Conjurations
 + Level 0.9 Hexes
 + Level 0.9 Summonings
 + Level 0.9 Necromancy
 + Level 5.4 Translocations
 + Level 0.9 Transmutations
 + Level 0.9 Fire Magic
 + Level 0.9 Ice Magic
 + Level 0.9 Air Magic
 + Level 0.9 Earth Magic
 + Level 0.9 Poison Magic
 + Level 1.2 Invocations
 + Level 1.1 Evocations


You had 11 spell levels left.
You knew the following spells:

 Your Spells              Type           Power      Damage    Failure   Level
a - Blink                 Tloc           76%        N/A       2%          2

Your spell library contained the following spells:

 Spells                   Type           Power      Damage    Failure   Level
 Gell's Gravitas          Tloc           38%        N/A       4%          3
 Lesser Beckoning         Tloc           38%        N/A       4%          3
 Teleport Other           Tloc           38%        N/A       4%          3
 Ensorcelled Hibernation  Hex/Ice        24%        N/A       16%         2
 Passwall                 Tmut/Erth      10%        N/A       16%         2
 Swiftness                Air            12%        N/A       32%         3
 Manifold Assault         Tloc           38%        N/A       41%         5


Dungeon Overview and Level Annotations

Branches:
Dungeon (2/15)

Altars:

Annotations:
D:2 Terence


Innate Abilities, Weirdness & Mutations

You have very sharp teeth.
Your uncanny sense of smell can sniff out nearby items.
Your experience applies equally to all skills.


Message History

You kill the quokka!
No target in view!
No target in view!
You see here a quokka corpse.
Found a dagger. 2 jackals come into view.
The jackal barks!
A jackal comes into view.
There are monsters nearby!
There are monsters nearby!
A jackal comes into view.
The jackal barks!
You see here a scroll labelled KONOTY PYNUO.
You closely miss the jackal.
The jackal bites you but does no damage.
The jackal barks!
You hit the jackal but do no damage. You bite the jackal, but do no damage.
The jackal misses you. The jackal closely misses you.
You hit the jackal. The jackal barely misses you.
The jackal bites you but does no damage.
An endoplasm comes into view.
You barely miss the jackal.
The endoplasm quivers.
Your bite misses the jackal. The jackal barely misses you.
The jackal closely misses you. The jackal barely misses you.
You hit the jackal but do no damage.
The jackal bites you but does no damage. x2
A dart slug comes into view.
The jackal closely misses you. The jackal barely misses you.
You barely miss the jackal. You bite the jackal.
The jackal bites you but does no damage.
The jackal barely misses you. The jackal bites you. x2
You hit the jackal.
You kill the jackal!
The jackal barely misses you.
The jackal bites you but does no damage.
The jackal bites you but does no damage.
The jackal bites you but does no damage.
You see here a quokka corpse.
You barely miss the jackal. The jackal closely misses you.
You barely miss the jackal. The jackal misses you.
The jackal barely misses you.
You hit the jackal.
You kill the jackal!
You hit the jackal. The jackal barely misses you.
You hit the jackal but do no damage. You punch the jackal, but do no damage.
The jackal barely misses you. The jackal closely misses you.
You hit the jackal.
You kill the jackal!
You hit the endoplasm but do no damage. The endoplasm barely misses you.
You barely miss the endoplasm. The endoplasm freezes you.
You are frozen.
You hit the endoplasm.
You kill the endoplasm!
You closely miss the jackal. The jackal barely misses you.
You hit the jackal.
You kill the jackal!
You hit the dart slug but do no damage. The dart slug closely misses you.
You hit the dart slug but do no damage. You hit the dart slug but do no damage.
You bite the dart slug. The dart slug completely misses you.
You hit the dart slug. You hit the dart slug. You bite the dart slug.
The dart slug barely misses you.
You hit the dart slug.
You kill the dart slug!
Things that are here:
a dart slug corpse; a jackal corpse; a jackal corpse You see here a quokka corpse.
g - 2 scrolls labelled KONOTY PYNUO (gained 1)
k - a black potion
Found a stone staircase leading down.
l - a coppery potion
Found a scale mail.
You now have 100 gold pieces (gained 12).
Terence shouts!
Terence throws a poisoned dart.
The poisoned dart closely misses you.
Terence is nearby!
Terence is nearby!
Terence is nearby!
You reach to attack!
You hit Terence but do no damage.
Terence throws a poisoned dart.
The poisoned dart hits you!
You are poisoned.
Really fire
d - 5 boomerangs of dispersal {!f}?
Reach: a) +0 spear
Aim: Terence, wielding a +0 flail, wearing a +0 ring mail and quivering poisoned darts (about 34% to evade your +0 spear)
You reach to attack!
You hit Terence.
You feel very sick.
Reach: a) +0 spear
Aim: Terence, wielding a +0 flail, wearing a +0 ring mail and quivering poisoned darts (lightly wounded, about 34% to evade your +0 spear)
You reach to attack!
You closely miss Terence.
You feel sick.
Terence throws a poisoned dart.
The poisoned dart hits you!
You are more poisoned.
Unknown command.
Reach: a) +0 spear
Aim: Terence, wielding a +0 flail, wearing a +0 ring mail and quivering poisoned darts (lightly wounded, about 34% to evade your +0 spear)
You reach to attack!
You hit Terence.
You feel very sick.
It was a potion of brilliance.
You feel clever all of a sudden.
You feel very sick. Terence hits you with a +0 flail.
It was a potion of curing.
You feel better. Terence hits you with a +0 flail.
You hit Terence. Terence hits you but does no damage.
You hit Terence but do no damage. Terence closely misses you.
You barely miss Terence. You bite Terence, but do no damage.
Terence barely misses you.
You hit Terence but do no damage. Terence completely misses you.
You closely miss Terence. Terence closely misses you.
You hit Terence. You closely miss Terence. Your bite misses Terence.
Terence closely misses you.
You hit Terence. Terence hits you with a +0 flail.
You closely miss Terence. You bite Terence, but do no damage.
Terence misses you.
You hit Terence. Terence misses you.
You hit Terence. Terence closely misses you.
You barely miss Terence. Terence hits you with a +0 flail!
* * * LOW HITPOINT WARNING * * *
You hit Terence but do no damage. Terence hits you with a +0 flail!
* * * LOW HITPOINT WARNING * * *
Okay, then.
Terence throws a poisoned dart.
The poisoned dart hits you!
You are poisoned.
* * * LOW HITPOINT WARNING * * *
You feel very sick.
* * * LOW HITPOINT WARNING * * *
You feel sick.
* * * LOW HITPOINT WARNING * * *
You feel sick.
You feel sick.
You feel sick.
Terence throws a poisoned dart.
The poisoned dart completely misses you.
You aren't carrying any potions.
You feel sick.
Terence throws a poisoned dart.
The poisoned dart closely misses you.
You feel a surge of power!
You blink.
You feel sick.
You hit Terence but do no damage.
* * * LOW HITPOINT WARNING * * *
You feel sick.
You closely miss Terence. You bite Terence, but do no damage.
You feel stable enough to blink again.
* * * LOW HITPOINT WARNING * * *
You feel sick.
You are no longer poisoned.
Terence hits you but does no damage.
You hit Terence. You bite Terence, but do no damage.
Terence hits you with a +0 flail!
You die...

†.(....# #.#######
.#.....# #.# .##...##
#.########### .....##
#...........# ####†#
###########.# #†# #...#.#
####.###########.#.#.#
...............@.#...#
.###......######@#...#
######.# #.#.#.# #.#
#...#.## #.# ###.#..# #.#
#.#..# #.########....####
#########.................
..........################
#########.#


You could see Terence.

Vanquished Creatures
  3 adders
  2 dart slugs
  2 ball pythons
  10 endoplasms
  2 giant cockroaches (D:1)
  2 goblins
  5 hobgoblins
  6 jackals
  3 quokkas
  3 bats (D:1)
  4 frilled lizards
  2 kobolds (D:1)
  5 rats
49 creatures vanquished.

Notes
Turn   | Place    | Note
-------+----------+-------------------------------------------
     0 | D:1      | CryoSword the Gnoll Warper began the quest for the Orb.
     0 | D:1      | Reached XP level 1. HP: 20/20 MP: 6/6
   221 | D:1      | Reached XP level 2. HP: 24/26 MP: 7/7
   257 | D:1      | Learned a level 2 spell: Blink
   341 | D:1      | Found a faded altar of an unknown god.
   803 | D:1      | Reached XP level 3. HP: 31/31 MP: 9/9
   833 | D:1      | Reached skill level 5 in Spellcasting
  1336 | D:1      | Reached skill level 1 in Invocations
  1813 | D:2      | Reached skill level 1 in Short Blades
  1813 | D:2      | Reached skill level 1 in Long Blades
  1813 | D:2      | Reached skill level 1 in Axes
  1813 | D:2      | Reached skill level 1 in Maces & Flails
  1813 | D:2      | Reached skill level 1 in Staves
  1813 | D:2      | Reached skill level 1 in Slings
  1813 | D:2      | Reached skill level 1 in Bows
  1813 | D:2      | Reached skill level 1 in Crossbows
  1813 | D:2      | Reached skill level 1 in Stealth
  1813 | D:2      | Reached skill level 1 in Shields
  1813 | D:2      | Reached skill level 1 in Unarmed Combat
  1813 | D:2      | Reached skill level 1 in Evocations
  1884 | D:2      | Noticed Terence
  2234 | D:2      | Reached XP level 4. HP: 36/38 MP: 11/11
  2685 | D:2      | HP: 1/38 [poisoned by Terence]
  2686 | D:2      | Mangled by Terence

Illustrated notes

Levels and vault maps discovered:
D:1:      psy_arrival_spokes, layout_basic, shapermc_ecumenical_altar_venn
D:2:      layout_loops_ring, minmay_tetromino_i2, uniq_terence

Skill      XL: |  1  2  3 |
---------------+----------+-----
Spellcasting   | 5 |  5.1
Invocations    | 1 |  1.2
Short Blades   | 1 |  1.1
Long Blades    | 1 |  1.1
Axes           | 1 |  1.1
Maces & Flails | 1 |  1.1
Staves         | 1 |  1.1
Slings         | 1 |  1.1
Bows           | 1 |  1.1
Crossbows      | 1 |  1.1
Stealth        | 1 |  1.1
Shields        | 1 |  1.1
Unarmed Combat | 1 |  1.1
Evocations     | 1 |  1.1
Fighting       | |  4.6
Polearms       | |  4.6
Throwing       | |  2.7
Armour         | |  2.7
Dodging        | |  4.6
Conjurations   | |  0.9
Hexes          | |  0.9
Summonings     | |  0.9
Necromancy     | |  0.9
Translocations | |  5.4
Transmutations | |  0.9
Fire Magic     | |  0.9
Ice Magic      | |  0.9
Air Magic      | |  0.9
Earth Magic    | |  0.9
Poison Magic   | |  0.9

Action                   |  1- 3 |  4- 6 || total
-------------------------+-------+-------++-------
Melee: Spear             |   158 |    77 ||   235
       Bite              |    11 |    10 ||    21
       Punch             |     1 |     1 ||     2
 Cast: Blink             |     1 |     1 ||     2
  Use: Potion            |     1 |     2 ||     3
 Stab: Sleeping          |     1 |       ||     1
Armor: Leather armour    |    35 |    16 ||    51
Dodge: Dodged            |    64 |    51 ||   115
